 Dungeon Sprint DCSS version 0.19.5 (webtiles) character file.

4036 equalderp2856 the Eviscerator (level 10, -4/49 HPs)
             Began as a Felid Fighter on Mar 13, 2017.
             Was a High Priest of Nemelex Xobeh.
             Killed from afar by a fire dragon (44 damage)
             ... with a blast of flame
             ... in the Dungeon (Sprint IX: "|||||||||||||||||||||||||||||").
             The game lasted 00:12:48 (5213 turns).

equalderp2856 the Eviscerator (Felid Fighter)       Turns: 5213, Time: 00:12:50

Health: -4/49      AC:  2    Str: 13    XL:     10   Next: 4%
Magic:  14/14      EV: 34    Int: 13    God:    Nemelex Xobeh [*****.]
Gold:   1455       SH:  0    Dex: 18    Spells: 0 memorised, 9 levels left
                                        Lives:  0   Deaths: 3

rFire  . . .     SeeInvis +       - Unarmed
rCold  . . .     Gourm    .     (armour unavailable)
rNeg   . . .     Faith    .     (shield unavailable)
rPois  .         Spirit   .     (helmet unavailable)
rElec  .         Reflect  .     (cloak unavailable)
rCorr  .         Harm     .     (gloves unavailable)
MR     +....     NoTele   +     (boots unavailable)
Stlth  ++++++....               (no amulet)
                                n - +2 ring of evasion
                                o - +3 ring of intelligence

@: quick
A: no armour, no weapons or thrown items, stealth, claws 1, fangs 3, see
invisible, carnivore 3, speed 1, shaggy fur 2, slow metabolism 1, sharp paws
a: Triple Draw, Deal Four, Stack Five, Renounce Religion


You were in the Dungeon.
You worshipped Nemelex Xobeh.
Nemelex Xobeh was extremely pleased with you.
You were not hungry.

You visited 1 branch You collected 1921 gold pieces.
You spent 466 gold pieces at shops.

Inventory:

Jewellery
 n - a +2 ring of evasion (right paw)
 o - a +3 ring of intelligence (left paw)
 B - an uncursed ring of protection from magic
 C - an uncursed ring of ice
 D - an uncursed ring of protection from cold
Wands
 l - a wand of iceblast (0/15)
Scrolls
 h - 4 scrolls of blinking
 j - 4 scrolls of remove curse
 k - 2 scrolls of amnesia
 q - a scroll of fear
 r - 3 scrolls of identify
 y - a scroll of fog
 G - a scroll of recharging
Potions
 a - 2 potions of might
 c - 10 potions of curing
 e - a potion of haste
 f - 4 potions of magic
 g - 3 potions of berserk rage
 i - a potion of invisibility
 p - 2 potions of agility
 v - a potion of mutation {unknown}
 F - a potion of cure mutation
Miscellaneous
 m - a plain deck of destruction {drawn: 6}
 s - a plain deck of destruction
 t - a plain deck of summoning
 u - an ornate deck of summoning {drawn: 1}
 w - a plain deck of destruction
 x - a plain deck of summoning
 z - an ornate deck of destruction
 A - an ornate deck of destruction
Comestibles
 b - 13 meat rations


   Skills:
 + Level 9.1 Fighting
 + Level 15.7 Dodging
 + Level 13.1 Stealth
 + Level 22.2 Unarmed Combat
 + Level 4.1 Invocations
 + Level 4.1 Evocations


You had 9 spell levels left.
You didn't know any spells.

Dungeon Overview and Level Annotations

Branches:
Dungeon (1/1)

Altars:
Cheibriados
Dithmenos
Elyvilon
Fedhas
Gozag
Hepliaklqana
Kikubaaqudgha
Makhleb
Nemelex Xobeh
Okawaru
Qazlal
Ru
Sif Muna
Trog
Uskayaw
Vehumet
Xom
Yredelemnul
Zin
The Shining One
Beogh
Jiyva
Lugonu

Shops:
D [[!?


Innate Abilities, Weirdness & Mutations

You cannot wear armour.
You are incapable of wielding weapons or throwing items.
Your paws allow you to move quietly. (Stealth)
You have sharp claws.
You have razor-sharp teeth.
You have supernaturally acute eyesight. (SInv)
You are carnivorous and can eat meat at any time.
You cover ground quickly.
You are covered in thick fur. (AC +2)
You have a slow metabolism.
Your sharp claws are effective at attacking unaware monsters.


Message History

You claw the fire dragon, but do no damage.
The fire dragon is moderately wounded.
The fire dragon completely misses you. The fire dragon claws you!
The fire dragon completely misses you.
You mangle the fire dragon!!
The fire dragon is heavily wounded.
You mangle the fire dragon!!
You claw the fire dragon, but do no damage.
You bite the fire dragon.
The fire dragon is almost dead.
The fire dragon completely misses you. x2; The fire dragon closely misses you.
You barely miss the fire dragon.
The fire dragon is almost dead.
You scratch the fire dragon but do no damage.
The fire dragon is almost dead.
The fire dragon breathes flames at you. The blast of flame hits you!
Ouch! That really hurt!
You die...
Your body glows with a rainbow of weird colours and disappears.

▓_▓.▓.▓.▓)▓.▓)▓,*,*,*+*,*,*,*,
▓'▓.▓?▓.▓)▓.▓)▓,*,*,*,*,*,*,*,
▓.▓.▓.▓.▓[▓.▓)▓,*+*,*,*,*,*,*,
▓.▓.▓[▓.▓)▓.▓.▓,*,*,*,*,*,*,*,
▓.▓.▓.▓.▓)▓.▓.▓,*,*,*,*,*,*,*,
▓.▓.▓.▓.▓)▓.▓=▓,*,*,*,*,*+*,*,
▓.▓.▓.▓.▓.▓.▓.▓,*,*,*,*,*,*,*,
▓'▓.▓.▓.▓)▓.▓D▓,*,*,*,*,*,*,*,
▓.▓.▓.▓.▓)▓.▓@▓,*,*,*,*,*,*,*,
▓.▓.▓.▓.▓.▓.▓.▓,*,*,*,*,*,*,*,
▓)▓.▓†▓.▓)▓.▓.▓,*,*,*,*,*,*,*+
▓)▓.▓.▓.▓)▓.▓.▓,*,*,*,*,*,*,*,
▓.▓.▓.▓)▓)▓.▓.▓,*,*,*,*,*,*,*,
▓'▓.▓%▓.▓.▓.▓.▓,*,*,*,*,*,*,*,
▓.▓.▓.▓.▓.▓.▓.▓,*,*,*,*,*,*,*,
▓.▓.▓†▓.▓.▓.▓.▓,*,*,*,*,*,*,*,
▓.▓.▓.▓.▓.▓.▓.▓,*,*,*,*,*,*,*,


You could see a fire dragon.

Vanquished Creatures
  Harold (D)
  A hydra (D)
  A tengu warrior (D)
  4 orc high priests (D)
  A sea snake (D)
  A glowing orange brain (D)
  2 lindwurms (D)
  An ugly thing (D)
  An orc sorcerer (D)
  Psyche (D)
  A black mamba (D)
  2 spiny frogs (D)
  4 tyrant leeches (D)
  2 hippogriffs (D)
  A shadow (D)
  2 basilisks (D)
  3 wyverns (D)
  2 yaks (D)
  2 water moccasins (D)
  A porcupine (D)
  15 orc warriors (D)
  6 crocodiles (D)
  4 bullfrogs (D)
  A scorpion (D)
  A killer bee (D)
  3 crimson imps (D)
  12 orc priests (D)
  2 orc wizards (D)
  An adder skeleton (D)
  An adder zombie (D)
  2 worms (D)
  2 leopard geckos (D)
  6 orcs (D)
  A bat skeleton (D)
  A goblin (D)
  A hobgoblin (D)
  2 kobolds (D)
  A rat (D)
96 creatures vanquished.

Vanquished Creatures (collateral kills)
  A spiny frog (D)
  A komodo dragon (D)
2 creatures vanquished.

Vanquished Creatures (others)
  A spark wasp (D)
1 creature vanquished.

Grand Total: 99 creatures vanquished

Notes
Turn   | Place    | Note
-------+----------+-------------------------------------------
     0 | D        | equalderp2856 the Felid Fighter began the quest for the Orb.
     0 | D        | Reached XP level 1. HP: 10/10 MP: 2/2
   136 | D        | Noticed a crimson imp
   136 | D        | Noticed a water moccasin
   136 | D        | Noticed a scorpion
   145 | D        | Killed a scorpion
   145 | D        | Reached skill level 5 in Dodging
   145 | D        | Reached skill level 7 in Unarmed Combat
   145 | D        | Reached XP level 2. HP: 15/15 MP: 3/3
   145 | D        | Reached XP level 3. HP: 18/18 MP: 4/4
   153 | D        | Killed a water moccasin
   153 | D        | Reached skill level 5 in Fighting
   153 | D        | Reached skill level 9 in Unarmed Combat
   153 | D        | Reached XP level 4. HP: 23/23 MP: 5/5
   153 | D        | Reached XP level 5. HP: 26/26 MP: 6/6
   202 | D        | Found a roughly hewn altar of Beogh.
   202 | D        | Found a snail-covered altar of Cheibriados.
   202 | D        | Found a shadowy altar of Dithmenos.
   202 | D        | Found a white marble altar of Elyvilon.
   202 | D        | Found a blossoming altar of Fedhas.
   202 | D        | Found an opulent altar of Gozag.
   203 | D        | Found a hazy altar of Hepliaklqana.
   204 | D        | Found a viscous altar of Jiyva.
   205 | D        | Found an ancient bone altar of Kikubaaqudgha.
   206 | D        | Found a corrupted altar of Lugonu.
   207 | D        | Found a burning altar of Makhleb.
   208 | D        | Found a sparkling altar of Nemelex Xobeh.
   209 | D        | Found an iron altar of Okawaru.
   210 | D        | Found a stormy altar of Qazlal.
   211 | D        | Found a sacrificial altar of Ru.
   212 | D        | Found a deep blue altar of Sif Muna.
   213 | D        | Found a bloodstained altar of Trog.
   214 | D        | Found a hide-covered altar of Uskayaw.
   215 | D        | Found a radiant altar of Vehumet.
   216 | D        | Found a shimmering altar of Xom.
   217 | D        | Found a basalt altar of Yredelemnul.
   218 | D        | Found a glowing silver altar of Zin.
   219 | D        | Found a glowing golden altar of the Shining One.
   232 | D        | Became a worshipper of Nemelex Xobeh the Trickster
   247 | D        | Received a gift from Nemelex Xobeh
   266 | D        | Noticed an orc warrior
   266 | D        | Noticed a hippogriff
   266 | D        | Noticed a hippogriff
   278 | D        | Slain by a hippogriff
   279 | D        | Reached XP level 4. HP: 0/24 MP: 5/5
   279 | D        | Reached * piety under Nemelex Xobeh
   296 | D        | Noticed a wyvern
   296 | D        | Noticed a yak
   296 | D        | Noticed a green ugly thing
   296 | D        | Noticed a yak
   305 | D        | Killed a wyvern
   305 | D        | Reached skill level 11 in Unarmed Combat
   305 | D        | Reached XP level 5. HP: 23/28 MP: 6/6
   308 | D        | Gained mutation: You are covered in thick fur. (AC +2) [Felid growth]
   308 | D        | Reached XP level 6. HP: 26/31 MP: 7/7
   316 | D        | Killed a yak
   316 | D        | Reached skill level 12 in Unarmed Combat
   340 | D        | Received a gift from Nemelex Xobeh
   369 | D        | Reached ** piety under Nemelex Xobeh
   452 | D        | Killed a green ugly thing
   452 | D        | Reached skill level 1 in Stealth
   452 | D        | Reached skill level 13 in Unarmed Combat
   452 | D        | Reached XP level 7. HP: 23/36 MP: 8/8
   598 | D        | Killed a yak
   708 | D        | Reached skill level 14 in Unarmed Combat
   708 | D        | Reached XP level 8. HP: 35/40 MP: 9/9
   970 | D        | Killed a hippogriff
  1014 | D        | Killed a hippogriff
  1014 | D        | Reached skill level 15 in Unarmed Combat
  1014 | D        | Reached skill level 1 in Invocations
  1234 | D        | Noticed a komodo dragon
  1234 | D        | Noticed a spiny frog
  1301 | D        | Killed a spiny frog
  1396 | D        | Killed a komodo dragon
  1396 | D        | Reached skill level 1 in Evocations
  1396 | D        | Reached XP level 9. HP: 27/44 MP: 10/10
  1471 | D        | Reached skill level 16 in Unarmed Combat
  1721 | D        | Noticed a spiny frog
  1728 | D        | Killed a spiny frog
  1728 | D        | Reached skill level 5 in Stealth
  1747 | D        | Noticed a spiny frog
  1747 | D        | Noticed an eight-headed hydra
  1748 | D        | Noticed a black mamba
  1785 | D        | Killed an eight-headed hydra
  1785 | D        | Reached skill level 17 in Unarmed Combat
  1792 | D        | Killed a spiny frog
  1833 | D        | Reached XP level 10. HP: 30/49 MP: 12/12
  2029 | D        | Killed a black mamba
  2171 | D        | Received a gift from Nemelex Xobeh
  2171 | D        | Noticed a lindwurm
  2171 | D        | Noticed a lindwurm
  2180 | D        | Reached skill level 18 in Unarmed Combat
  2191 | D        | Killed a lindwurm
  2582 | D        | Killed a lindwurm
  2606 | D        | Reached skill level 19 in Unarmed Combat
  2668 | D        | Reached *** piety under Nemelex Xobeh
  2680 | D        | Received a gift from Nemelex Xobeh
  2701 | D        | Noticed Harold
  2708 | D        | Killed Harold
  2733 | D        | Received a gift from Nemelex Xobeh
  2767 | D        | Reached **** piety under Nemelex Xobeh
  3258 | D        | Received a gift from Nemelex Xobeh
  3413 | D        | Reached skill level 15 in Dodging
  3413 | D        | Reached XP level 11. HP: 41/53 MP: 15/15
  3518 | D        | Reached skill level 20 in Unarmed Combat
  3521 | D        | Noticed an orc sorcerer
  3530 | D        | Killed an orc sorcerer
  3728 | D        | Found Jutyuklon's Magic Scroll Boutique.
  3728 | D        | Noticed an orc high priest
  3728 | D        | Noticed an orc high priest
  3729 | D        | Noticed an orc high priest
  4015 | D        | Killed an orc high priest
  4325 | D        | Killed an orc high priest
  4325 | D        | Reached skill level 10 in Stealth
  4328 | D        | Found Venodd's Distillery.
  4453 | D        | Killed an orc high priest
  4453 | D        | Reached skill level 21 in Unarmed Combat
  4505 | D        | Found Relomiguma's Antique Armour Boutique.
  4509 | D        | Found Puewigog's Antique Armour Shop.
  4514 | D        | Noticed an orc high priest
  4529 | D        | Killed an orc high priest
  4570 | D        | Bought a potion of berserk rage for 70 gold pieces
  4570 | D        | Bought 2 potions of curing for 84 gold pieces
  4570 | D        | Bought a potion of curing for 42 gold pieces
  4570 | D        | Bought a potion of curing for 42 gold pieces
  4570 | D        | Bought a potion of curing for 42 gold pieces
  4570 | D        | Bought a potion of heal wounds for 70 gold pieces
  4570 | D        | Bought a potion of agility for 56 gold pieces
  4572 | D        | Bought a scroll of fog for 22 gold pieces
  4572 | D        | Bought a scroll of magic mapping for 38 gold pieces
  4625 | D        | Noticed Psyche
  4631 | D        | Received a gift from Nemelex Xobeh
  4632 | D        | Killed Psyche
  4658 | D        | Reached ***** piety under Nemelex Xobeh
  4682 | D        | Received a gift from Nemelex Xobeh
  4716 | D        | Received a gift from Nemelex Xobeh
  4761 | D        | Received a gift from Nemelex Xobeh
  4762 | D        | Noticed a tengu warrior
  4780 | D        | Noticed a glowing orange brain
  4781 | D        | Noticed an ice dragon
  4784 | D        | Noticed a spark wasp
  4787 | D        | Noticed a fire dragon
  4788 | D        | Killed a glowing orange brain
  4789 | D        | Killed a tengu warrior
  4792 | D        | Killed from afar by an ice dragon
  4793 | D        | Reached XP level 10. HP: -29/49 MP: 14/14
  4997 | D        | Noticed a sea snake
  4997 | D        | an ice dragon changed into a sea snake
  5011 | D        | Killed a sea snake
  5011 | D        | Reached skill level 22 in Unarmed Combat
  5027 | D        | HP: 2/49 [spark wasp (17)]
  5030 | D        | Killed a spark wasp
  5030 | D        | Reached XP level 11. HP: 3/53 MP: 15/15
  5030 | D        | Killed by a card of wild magic
  5031 | D        | Reached XP level 10. HP: -20/49 MP: 14/14
  5213 | D        | Killed from afar by a fire dragon

Skill      XL: |  1  2  3  4  5  6  7  8  9 10 11 |
---------------+----------------------------------+-----
Fighting       | 4 5 6 7 8 9 |  9.1
Dodging        | 5 7 9 8 11 12 14 15 | 15.7
Unarmed Combat | 7 9 11 13 14 15 17 22 21 | 22.2
Stealth        | 1 4 6 13 12 | 13.1
Invocations    | 1 2 4 |  4.1
Evocations     | 1 2 4 |  4.1

Action                   |  1- 3 |  4- 6 |  7- 9 | 10-12 || total
-------------------------+-------+-------+-------+-------++-------
Melee: Unarmed           |    24 |    45 |    89 |   208 ||   366
       Bite              |     1 |     5 |    10 |    23 ||    39
       Punch             |     3 |       |     4 |    17 ||    24
Evoke: Deck              |       |     1 |     5 |    11 ||    17
       Wand              |       |     1 |     6 |       ||     7
  Use: Potion            |       |     4 |       |     5 ||     9
       Scroll            |       |       |       |     1 ||     1
 Stab: Sleeping          |       |       |     2 |     8 ||    10
       Distracted        |       |       |       |     2 ||     2
  Eat: Chunk             |       |       |     8 |       ||     8
Armor: Skin              |     1 |     4 |       |     2 ||     7
Dodge: Dodged            |    18 |   112 |    61 |   115 ||   306
